 Dungeon Crawl Stone Soup version 0.32-a0-918-g0f22ef8d61 (webtiles) character file.

Game seed: 547194808472082013

10892 croobank the Caller (level 11, -2/74 (78) HPs)
             Began as a Human Summoner on Apr 10, 2024.
             Was an Elder of Kikubaaqudgha.
             Killed by an exploding blazeheart core (8 damage)
             ... on level 11 of the Dungeon.
             The game lasted 00:58:29 (13154 turns).

croobank the Caller (Human Summoner)               Turns: 13154, Time: 00:58:30

HP:   -2/74 (78)    AC: 10    Str: 12    XL:     11   Next: 69%
MP:   11/20         EV: 13    Int: 20    God:    Kikubaaqudgha [****..]
Gold: 424           SH:  0    Dex: 17    Spells: 5/23 levels left

rFire   + . .        a - +2 dagger (protect)
rCold   x . .        (no shield)
rNeg    . . .        N - +0 ring mail of Suideugeoc {Will+ Dex+3 SInv}
rPois   .            y - +1 helmet
rElec   .            (no cloak)
rCorr   .            (no gloves)
SInv    +            w - +0 pair of boots "Awueqamung" {Str+4 Stlth+}
Will    +....        n - amulet of magic regeneration
Stlth   ++++         t - ring of wizardry
HPRegen 0.32/turn    H - ring of fire
MPRegen 0.57/turn

%: wizardry (x1)
@: hasted, drained, very quick
A: explore regen
a: Renounce Religion, Unearth Wretches


You were on level 11 of the Dungeon.
You worshipped Kikubaaqudgha.
Kikubaaqudgha was greatly pleased with you.
You visited 2 branches of the dungeon, and saw 12 of its levels.
You also visited: Bailey.

You collected 713 gold pieces.
You spent 289 gold pieces at shops.

Inventory:

Hand Weapons
 a - a +2 dagger of protection (weapon)
 b - a +6 sling
 Q - the +7 flail "Zeysurak" {antimagic, rC+ Stlth+}
   (You found it in a bailey)

   rC+:       It protects you from cold.
   Stlth+:    It makes you more stealthy.
Missiles
 f - 19 poisoned darts
 A - a throwing net
 B - 5 curare-tipped darts
Armour
 c - a +2 leather armour of positive energy
 w - the +0 pair of boots "Awueqamung" (worn) {Str+4 Stlth+}
   (You bought it in a shop on level 4 of the Dungeon)

   Str+4:     It affects your strength (+4).
   Stlth+:    It makes you more stealthy.
 x - a +3 ring mail of poison resistance
 y - a +1 helmet (worn)
 J - the +1 leather armour "Qithrat" {rF+ Dex+3}
   (You found it on level 8 of the Dungeon)

   Dex+3:     It affects your dexterity (+3).
   rF+:       It protects you from fire.
 K - a scarf of harm
 N - the +0 ring mail of Suideugeoc (worn) {Will+ Dex+3 SInv}
   (You found it on level 11 of the Dungeon)

   Dex+3:     It affects your dexterity (+3).
   Will+:     It increases your willpower.
   SInv:      It lets you see invisible.
 V - the +1 troll leather armour of the New World {rPois Regen+}
   (You found it in a bailey)

   rPois:     It protects you from poison.
   Regen+:    It increases your rate of health regeneration.
Jewellery
 h - an amulet of regeneration
 l - a ring of ice
 n - an amulet of magic regeneration (around neck)
 p - a ring of see invisible
 s - a ring of ice
 t - a ring of wizardry (left hand)
 u - the ring of Darkness {*Slow rF+ rN+ rCorr Dex+6}
   (You found it on level 5 of the Dungeon)

   [ring of dexterity]

   Dex+6:     It affects your dexterity (+6).
   rF+:       It protects you from fire.
   rN+:       It protects you from negative energy.
   rCorr:     It protects you from acid and corrosion.
   *Slow:     It may slow you when you take damage.
 z - a ring of willpower
 H - a ring of fire (right hand)
 M - a ring of poison resistance
 P - a ring of willpower
Talismans
 m - a granite talisman
Wands
 o - a wand of digging (5)
 E - a wand of warping (5)
 F - a wand of quicksilver (5)
Scrolls
 e - 6 scrolls of teleportation
 k - a scroll of fog
 q - a scroll of acquirement {unknown}
 r - a scroll of immolation
 C - a scroll of vulnerability {unknown}
 L - 2 scrolls of noise {unknown}
Potions
 d - 5 potions of curing
 g - a potion of ambrosia
 i - 2 potions of enlightenment
 j - 2 potions of berserk rage
 v - 2 potions of mutation
 D - 2 potions of lignification
 G - 2 potions of magic
 I - 2 potions of haste
 U - 2 potions of heal wounds {unknown}


   Skills:
 + Level 4.7 Fighting
 * Level 6.4 Armour
 + Level 7.1 Dodging
 + Level 7.6 Stealth
 + Level 6.5 Spellcasting
 + Level 7.9 Summonings
 * Level 5.5 Necromancy
 - Level 5.0 Fire Magic
 + Level 4.5 Air Magic


You had 5 spell levels left.
You knew the following spells:

 Your Spells              Type           Power      Damage    Failure   Level
a - Summon Small Mammal   Summ           100%       N/A       1%          1
b - Call Imp              Summ           76%        N/A       1%          2
c - Call Canine Familiar  Summ           38%        N/A       1%          3
d - Summon Blazeheart Go  Fire/Summ      48%        N/A       6%          4
e - Summon Lightning Spi  Summ/Air       31%        N/A       6%          4
A - Animate Dead          Necr           28%        N/A       9%          4

Your spell library contained the following spells:

 Spells                   Type           Power      Damage    Failure   Level
 Sublimation of Blood     Necr           28%        N/A       1%          2
 Vampiric Draining        Necr           28%        2d8       2%          3
 Cigotuvi's Dreadful Rot  Necr/Alch/Air  40%        N/A       3%          2
 Apportation              Tloc           12%        N/A       9%          1
 Magic Dart               Conj           24%        1d4       9%          1
 Volatile Blastmotes      Fire/Tloc      48%        2d14      9%          3
 Jinxbite                 Hex            12%        N/A       12%         2
 Searing Ray              Conj           12%        2d4       12%         2
 Curse of Agony           Necr           28%        N/A       22%         5
 Frozen Ramparts          Ice            12%        1d2       24%         3
 Ozocubu's Armour         Ice            6%         N/A       24%         3
 Passwall                 Erth           6%         N/A       24%         3
 Anguish                  Hex/Necr       8%         N/A       26%         4
 Vhi's Electric Charge    Tloc/Air       30%        N/A       32%         4
 Borgnjor's Vile Clutch   Necr/Erth      8%         N/A       56%         5
 Fulminant Prism          Conj/Alch      3%         3d5       58%         4
 Iskenderun's Mystic Bla Conj/Tloc 6%             2d4        (+2d1     58%         4
 Alistair's Intoxication  Alch           4%         N/A       89%         5
 Metabolic Englaciation   Hex/Ice        3%         N/A       89%         5
 Death Channel            Necr           14%        N/A       75%         6
 Bombard                  Conj/Erth      3%         9d1       100%        6


Dungeon Overview and Level Annotations

Branches:
Dungeon (11/15)            Temple (1/1) D:6            Lair (0/5) D:11
    Orc (0/2) D:10         Bailey (visited)

Altars:
Ashenzari
Cheibriados
Dithmenos
Elyvilon
Fedhas
Gozag
Hepliaklqana
Kikubaaqudgha
Makhleb
Nemelex Xobeh
Okawaru
Qazlal
Ru
Sif Muna
Trog
Uskayaw
Vehumet
Wu Jian
Xom
Yredelemnul
Zin
The Shining One

Shops:
D:2 :!   D:4 [   D:9 !


Innate Abilities, Weirdness & Mutations

You regain HP and MP as you explore.


Message History

It stops flaming.
The centaur hits you.
* * * LOW HITPOINT WARNING * * *
The centaur misses you.
The centaur unwields a +0 shortbow.
The centaur hits your lightning spire.
The centaur kicks your lightning spire but does no damage.
Your blazeheart golem's core flares to life once more.
The centaur shoots an arrow.
The arrow hits you but does no damage.
The centaur hits your lightning spire but does no damage.
The centaur kicks your lightning spire but does no damage.
The centaur hits you but does no damage.
The centaur barely misses you.
The centaur shoots an arrow.
The arrow hits your blazeheart golem!
The centaur shoots an arrow.
The arrow barely misses you.
Your blazeheart golem punches the centaur!
Your lightning spire shoots out a bolt of lightning at the centaur!
The bolt of electricity hits the centaur!
The centaur dies!
Kikubaaqudgha accepts your kill.
The centaur hits your blazeheart golem but does no damage.
The centaur barely misses your blazeheart golem.
The centaur shoots an arrow.
The arrow hits your blazeheart golem.
The centaur shoots an arrow.
The arrow barely misses you.
The centaur wields a +4 shortbow of flaming.
It bursts into flame!
The centaur shoots an arrow.
The arrow hits your blazeheart golem!
Your blazeheart golem falls apart, revealing its core!
The centaur shoots an arrow.
The arrow hits you!
* * * LOW HITPOINT WARNING * * *
The centaur shoots an arrow.
The arrow hits your blazeheart core!
Okay, then.
Okay, then.
Your blazeheart core explodes!
The fiery explosion engulfs the centaur!!
You kill the centaur!
Kikubaaqudgha accepts your kill.
The fiery explosion engulfs your lightning spire.
Your lightning spire resists.
The fiery explosion engulfs you! You resist.
You die...
Kikubaaqudgha rasps: You have failed me!
Welcome... death!

#. ...#.# #..#.# ###
#..#.# ... #..#.# #.#
#..#.##.# #..#.#.#
####### #########c☼☼@#
#.....# .........)I○☼#
#.....#
##.....##☼☼.####.....#
#......)..#...........#
.......)..#.#####.....#
#.#.....###.# #.....# #
#...... c.. #.....####
...#######.. #####....#
.... #... ####.#


You could see 2 centaurs and a friendly lightning spire (summoned).

Vanquished Creatures
  A boulder beetle (D:11)
  A centaur warrior (D:10)
  Joseph (D:7)
  A kobold demonologist (D:9)
  An unseen horror zombie (D:9)
  A wyvern (D:11)
  A vampire (Bailey)
  6 yaks (D:9)
  A basilisk (D:11)
  2 vampire mosquitoes (D:9)
  Edmund (D:6)
  A water moccasin (D:6)
  An orc warrior (D:8)
  2 ice beasts
  2 black bears
  An ogre (D:6)
  5 centaurs
  A kobold brigand (D:6)
  A scorpion (D:6)
  2 wights (D:8)
  3 killer bees (D:10)
  2 vampire bats (Bailey)
  A howler monkey (D:7)
  A gnoll bouda (D:8)
  An iguana (D:7)
  3 orc wizards
  An ogre zombie (D:10)
  An adder (D:3)
  A gnoll (D:10)
  11 orc zombies
  A white imp (D:7)
  A dart slug (D:1)
  9 orcs
  A giant cockroach (D:4)
  2 goblins
  A jackal (D:4)
  3 bats
  2 gnoll skeletons (D:10)
  A hobgoblin zombie (D:3)
  A kobold (D:1)
  An orc skeleton (D:10)
  2 rats
83 creatures vanquished.

Vanquished Creatures (collateral kills)
  The ghost of mitch45678 the Cleaver, a novice MDCA of Ignis (D:9)
  An elephant (D:11)
  A gargoyle (Bailey)
  A kobold demonologist (D:9)
  An unseen horror zombie (D:9)
  A troll (D:9)
  Grinder (D:4)
  Sigmund (D:3)
  A yak (D:9)
  A wraith (D:10)
  A vampire mosquito (D:9)
  A steam dragon (D:7)
  An ice beast (D:6)
  An orc warrior (D:8)
  2 black bears
  3 centaurs
  A phantom (D:10)
  Blork the orc (D:4)
  A kobold brigand (D:9)
  3 bullfrogs
  2 scorpions
  2 wights (D:8)
  A killer bee (D:10)
  7 vampire bats (Bailey)
  A nameless horror (D:8)
  4 wolf zombies (Bailey)
  A crimson imp (D:3)
  A bombardier beetle (D:5)
  2 gnoll boudas
  3 hounds
  7 orc priests
  3 iguanas
  7 orc wizards
  7 ogre zombies (D:10)
  10 gnolls
  7 adders
  2 white imps (D:7)
  2 dart slugs
  3 ribbon worms
  27 orcs
  5 bats
  4 endoplasms
  2 gnoll zombies (D:10)
  4 goblins
  5 hobgoblins
  10 jackals
  A quokka (D:1)
  6 ball pythons
  2 frilled lizards (D:2)
  A gnoll skeleton (D:10)
  2 goblin skeletons (D:3)
  A goblin zombie (D:3)
  A hobgoblin zombie (D:3)
  15 kobolds
  A kobold skeleton (D:3)
  A kobold zombie (D:3)
  2 orc skeletons
  31 orc zombies
  2 rats
220 creatures vanquished.

Vanquished Creatures (others)
  41 blazeheart cores
41 creatures vanquished.

Grand Total: 344 creatures vanquished

Notes
Turn   | Place    | Note
-------+----------+-------------------------------------------
     0 | D:1      | croobank the Human Summoner began the quest for the Orb.
     0 | D:1      | Reached XP level 1. HP: 13/13 MP: 3/3
   215 | D:1      | Reached XP level 2. HP: 17/19 MP: 3/5
   246 | D:1      | Learned a level 2 spell: Call Imp
   447 | D:1      | You fall into a shaft and drop 1 floor!
   476 | D:2      | Reached XP level 3. HP: 21/24 MP: 1/6
   480 | D:2      | Learned a level 3 spell: Call Canine Familiar
  1383 | D:2      | Found Liafouja's Distillery.
  1520 | D:2      | Reached XP level 4. HP: 30/30 MP: 3/7
  1691 | D:2      | Bought a potion of degeneration for 13 gold pieces
  1691 | D:2      | Bought a potion of curing for 39 gold pieces
  1787 | D:2      | Found Biugas's Book Shoppe.
  2278 | D:3      | Noticed Sigmund
  2294 | D:3      | Killed Sigmund
  2295 | D:3      | Reached skill level 5 in Summonings
  2295 | D:3      | Reached XP level 5. HP: 34/35 MP: 2/9
  2295 | D:3      | Reached XP level 6. HP: 40/41 MP: 2/10
  2603 | D:3      | Found a glowing golden altar of the Shining One.
  2872 | D:3      | Found a hide-covered altar of Uskayaw.
  3175 | D:4      | Noticed Grinder
  3208 | D:4      | Killed Grinder
  3209 | D:4      | Reached XP level 7. HP: 46/46 MP: 2/12
  3349 | D:4      | Found Ijecroje's Antique Armour Emporium.
  3446 | D:4      | Noticed Blork the orc
  3459 | D:4      | Killed Blork the orc
  3696 | D:4      | Found a sparkling altar of Nemelex Xobeh.
  3748 | D:5      | Entered Level 5 of the Dungeon
  3876 | D:5      | Found a burning altar of Makhleb.
  3876 | D:5      | Found a glowing silver altar of Zin.
  3877 | D:5      | Noticed an angel
  3877 | D:5      | Noticed a balrug
  3895 | D:5      | Reached skill level 5 in Stealth
  4130 | D:5      | Reached XP level 8. HP: 52/52 MP: 9/14
  4176 | D:5      | Identified the ring of Darkness {*Slow rF+ rN+ rCorr Dex+6}
  4353 | D:5      | Learned a level 4 spell: Summon Blazeheart Golem
  4596 | D:5      | Found a blossoming altar of Fedhas.
  4599 | D:5      | Found a stormy altar of Qazlal.
  4914 | D:5      | Reached skill level 5 in Dodging
  5411 | D:5      | Learned a level 4 spell: Summon Lightning Spire
  5483 | D:6      | Reached skill level 1 in Fire Magic
  5581 | D:6      | Noticed Edmund
  5604 | D:6      | Killed Edmund
  5930 | D:6      | Reached skill level 1 in Fighting
  5930 | D:6      | Reached skill level 1 in Air Magic
  5975 | D:6      | Found a staircase to the Ecumenical Temple.
  5991 | Temple   | Entered the Ecumenical Temple
  5999 | Temple   | Became a worshipper of Kikubaaqudgha
  6050 | D:6      | Reached skill level 1 in Armour
  6162 | D:6      | Found a shimmering altar of Xom.
  6162 | D:6      | Found a sacrificial altar of Ru.
  6217 | D:6      | Found a radiant altar of Vehumet.
  6220 | D:6      | Found a bloodstained altar of Trog.
  6223 | D:6      | Found a snail-covered altar of Cheibriados.
  6346 | D:6      | Reached skill level 5 in Spellcasting
  6346 | D:6      | Reached XP level 9. HP: 59/59 MP: 11/16
  7497 | D:7      | Reached * piety under Kikubaaqudgha
  7497 | D:7      | Received a gift from Kikubaaqudgha
  7503 | D:7      | Learned a level 4 spell: Animate Dead
  7712 | D:7      | Noticed Joseph
  7733 | D:7      | Killed Joseph
  7734 | D:7      | Reached skill level 1 in Necromancy
  8759 | D:8      | Reached ** piety under Kikubaaqudgha
  8761 | D:8      | Reached XP level 10. HP: 29/68 MP: 3/18
  8944 | D:8      | HP: 1/68 [spore (43)]
  9677 | D:8      | Identified the +1 leather armour "Qithrat" {rF+ Dex+3}
  9780 | D:4      | Bought a pair of fine boots for 237 gold pieces
  9780 | D:4      | Identified the +0 pair of boots "Awueqamung" {Str+4 Stlth+}
                  | (You bought it in a shop on level 4 of the Dungeon)
 10224 | D:9      | Found Eheij's Distillery.
 10444 | D:9      | Found a shadowy altar of Dithmenos.
 10445 | D:9      | Found a hazy altar of Hepliaklqana.
 10613 | D:9      | Reached skill level 5 in Fire Magic
 11017 | D:9      | Found a runed translucent gate.
 11017 | D:9      | Found a runed translucent gate.
 11017 | D:9      | Found a runed translucent gate.
 11017 | D:9      | Noticed mitch45678's ghost (novice MDCA)
 11017 | D:9      | Noticed a kobold demonologist
 11020 | D:9      | Noticed a kobold demonologist
 11023 | D:9      | Noticed a sun demon
 11023 | D:9      | Killed a kobold demonologist
 11026 | D:9      | Killed a kobold demonologist
 11027 | D:9      | Reached skill level 5 in Armour
 11079 | D:9      | Found a basalt altar of Yredelemnul.
 11116 | D:9      | Reached XP level 11. HP: 50/76 MP: 13/20
 11246 | D:9      | Killed mitch45678's ghost
 11463 | D:10     | Entered Level 10 of the Dungeon
 11466 | D:10     | Found a flagged portal.
 11479 | Bailey   | Entered a bailey
 11686 | Bailey   | Reached *** piety under Kikubaaqudgha
 11686 | Bailey   | Received a gift from Kikubaaqudgha
 11754 | Bailey   | Identified the +7 flail "Zeysurak" {antimagic, rC+ Stlth+}
 11833 | Bailey   | Identified the +1 troll leather armour of the New World
                  | {rPois Regen+}
 12212 | D:10     | Reached **** piety under Kikubaaqudgha
 12222 | D:10     | Found a staircase to the Orcish Mines.
 12354 | D:10     | Noticed a centaur warrior
 12365 | D:10     | Killed a centaur warrior
 12366 | D:10     | Reached skill level 5 in Necromancy
 12816 | D:10     | Found a shimmering blue altar of Sif Muna.
 12902 | D:11     | Identified the +0 ring mail of Suideugeoc {Will+ Dex+3
                  | SInv}
 12983 | D:11     | Noticed a boulder beetle
 12985 | D:11     | Found a staircase to the Lair.
 13031 | D:11     | Killed a boulder beetle
 13154 | D:11     | Killed by an exploding blazeheart core

Illustrated notes

Levels and vault maps discovered:
D:1:      dpeg_arrival_chambers_temple_mockup, layout_rooms
D:2:      layout_rooms, serial_shops, shop, nicolae_shop_window_shopping
D:3:      layout_loops_ring, nicolae_overflow_hidden_temple,
          nicolae_tso_besieged_by_evil, uniq_sigmund
D:4:      layout_cave_pools, nemelex_diamond_rough_becter, serial_shops,
          nicolae_shop_trees, minmay_misc_feat_roman, uniq_grinder,
          uniq_blork_the_orc
D:5:      layout_layer_cave, grunt_temple_overflow_order_and_chaos_2,
          grunt_temple_overflow_forces_of_nature
D:6:      nicolae_BIG_FREAKIN_CUBE, layout_loops_corners,
          amethyst_overflow_temple_binary, grunt_temple_overflow_diamond,
          serial_glass, glass_columns_b, glass_columns_a, st_stairs_1,
          uniq_edmund
D:7:      layout_basic, uniq_joseph
D:8:      layout_basic
D:9:      layout_small_grid, riverfiend_overflow_shadow_ancestor,
          nicolae_yredelemnul_ghost_church, serial_shops, shop
D:10:     layout_roguey, nicolae_sif_muna_little_library, zombieorc2_lemuel,
          enter_bailey_2, columned_hall_lemuel
D:11:     layout_basic, david_lair_generic, grunt_gozag_statues
Temple:   nicolae_temple_two_arcs

Skill      XL: |  1  2  3  4  5  6  7  8  9 10 11 |
---------------+----------------------------------+-----
Stealth        | 3 4 5 6 7 |  7.6
Dodging        | 3 4 5 6 7 |  7.1
Spellcasting   | 3 4 5 6 |  6.5
Summonings     | 5 6 7 |  7.9
Fire Magic     | 2 4 5 |  5.0
Fighting       | 1 2 3 4 |  4.7
Air Magic      | 1 2 3 4 |  4.5
Armour         | 1 3 5 6 |  6.4
Necromancy     | 2 4 5 |  5.5

Action                     |  1- 3 |  4- 6 |  7- 9 | 10-12 || total
---------------------------+-------+-------+-------+-------++-------
  Melee: Unarmed           |     9 |       |       |       ||     9
         Dagger            |    40 |    20 |    99 |    90 ||   249
   Fire: Sling             |       |       |     8 |       ||     8
   Cast: Summon Small Mamm |    48 |    34 |    52 |    10 ||   144
         Call Imp          |    17 |    18 |    29 |     7 ||    71
         Call Canine Famil |       |     8 |    23 |     8 ||    39
         Summon Blazeheart |       |       |    19 |    35 ||    54
         Summon Lightning  |       |       |     9 |    22 ||    31
         Animate Dead      |       |       |       |     5 ||     5
  Evoke: Wand              |       |       |       |     2 ||     2
    Use: Scroll            |     2 |     4 |     8 |     3 ||    17
         Potion            |       |     1 |     4 |     1 ||     6
   Stab: Sleeping          |     3 |     3 |     8 |     1 ||    15
 Armour: Robe              |    47 |    17 |    48 |       ||   112
         Leather armour    |       |       |    68 |   126 ||   194
         Ring mail         |       |       |       |    40 ||    40
         Troll leather arm |       |       |       |    12 ||    12
  Dodge: Dodged            |    57 |    17 |   135 |   212 ||   421

Table legend: (Time is in decaauts)
 A = Elapsed time spent in this place.
 B = Non-inter-level travel time spent in this place.
 C = Inter-level travel time spent in this place.
 D = Time resting spent in this place.
 E = Time spent auto-exploring this place.
 F = Levels seen in this place.
 G = Mean time per level.
                   A        B        C        D        E       F      G
               +--------+--------+--------+--------+--------+-----+--------+
         Total |  13138 |  12315 |    823 |    683 |   8399 |  13 | 1010.6 |
       Dungeon |  12620 |  11805 |    815 |    683 |   8257 |  11 | 1147.3 |
        Temple |     16 |      8 |      8 |      0 |      0 |   1 |   16.0 |
        Bailey |    501 |    501 |      0 |      0 |    142 |   1 |  501.0 |
               +--------+--------+--------+--------+--------+-----+--------+

Top non-repeatable levels by time:
     D:5: 1831 daAuts
     D:7: 1649 daAuts
     D:8: 1619 daAuts
     D:9: 1274 daAuts
     D:6: 1192 daAuts
     D:3: 1125 daAuts
     D:2: 1022 daAuts
    D:10: 914 daAuts
     D:4: 869 daAuts
     D:1: 848 daAuts
  Bailey: 501 daAuts
    D:11: 272 daAuts
  Temple: 16 daAuts
